Sharks vs Flames

Created - Wednesday, February 04, 2015 at 23:30

Goals
1 2 3 T
Sharks 1 0 1 2
Flames 4 5 2 11
Shots
1 2 3 T
Sharks 13 9 12 34
Flames 11 13 16 40

1st period

1. Flames , Michael Frolik 9 (Matt Read, Jordan Staal) at 8:40 (PP)
2. Flames , Brian Campbell 21 (Jason Pominville, Jason Spezza) at 10:46 (PP)
3. Flames , Jason Spezza 13 (TJ Brodie) at 12:03 (PP)
4. Sharks , Nicklas Grossmann 6 (Olli Jokinen, Rich Peverley) at 16:06 (PP)
5. Flames , Jacob Trouba 11 (Barret Jackman, Mike Smith) at 19:30 (SH)

Penalties :
Nathan Gerbe (SJ ) for Tripping (Minor) at 8:04, Deryk Engelland (SJ ) for Hooking (Minor) at 10:07, Dion Phaneuf (SJ ) for Goalie Interference (Minor) at 11:05, Matt Cooke (Cal) for Abuse of Officials (Major / Game Misconduct) at 15:03

2nd period

6. Flames , Jacob Trouba 12 (Jason Spezza, Jason Pominville) at 0:14 (PP)
7. Flames , Jason Pominville 25 (Jason Spezza, Scottie Upshall) at 0:56
8. Flames , Scottie Upshall 7 (Justin Faulk, Jason Pominville) at 3:13 (PP)
9. Flames , Michael Frolik 10 (Jordan Staal) at 4:18 (PP)
10. Flames , Jason Spezza 14 (Jason Pominville) at 16:03 (PP)

Penalties :
Dion Phaneuf (SJ ) for High sticking (Minor) at 0:03, Tom Kostopoulos (SJ ) for Roughing (Minor) at 2:27, Mike Green (SJ ) for Hooking (Minor) at 4:12, Olli Jokinen (SJ ) for Slashing (Minor) at 5:18, Tom Kostopoulos (SJ ) for Interference (Minor) at 10:28, Jacob Trouba (Cal) for Delaying the game (Minor) at 12:58, Olli Jokinen (SJ ) for Hooking (Minor) at 15:42

3rd period

11. Flames , Jason Pominville 26 (Jacob Trouba, Scottie Upshall) at 7:14 (PP)
12. Flames , Mikael Backlund 6 (Brian Campbell, Justin Faulk) at 10:34
13. Sharks , Nathan Gerbe 11 (Mike Green, Mike Weber) at 14:56

Penalties :
Tom Kostopoulos (SJ ) for High sticking (Minor) at 7:07, Dion Phaneuf (SJ ) for Tripping (Minor) at 11:16

Goalie Stats

Viktor Fasth (SJ ), 27 saves from 34 shots - (0.794), L, 2-11-0, 55:12 minutes
Aaron Dell (SJ ), 2 saves from 6 shots - (0.333), 4:48 minutes
Al Montoya (Cal), 4 saves from 4 shots - (1.000), 3:22 minutes
Mike Smith (Cal), 28 saves from 30 shots - (0.933), W, 17-16-8, 56:38 minutes

Players Stats for Sharks

Player Name              G  A  P  +/- PIM S  H  SB GA TA FO     MP     PP MP  PK MP  
------------------------------------------------------------------------------------
Adam Hall                0  0  0   0  0   3  1  0  0  0  7/13   15:35   1:26   0:27 
Andrew Ebbett            0  0  0   0  0   0  0  0  0  0  0/1     3:22   0:00   0:00 
Blake Comeau             0  0  0   0  0   2  2  1  2  0  0/0    13:04   0:00   0:00 
Brad Richards            0  0  0  -1  0   2  0  0  1  0  11/31  25:54   3:27   7:28 
Brian Gionta             0  0  0  -1  0   3  0  0  1  0  1/1    20:01   4:30   1:59 
Deryk Engelland          0  0  0   0  2   0  0  1  0  0  1/1     4:27   0:00   0:00 
Dion Phaneuf             0  0  0  -2  6   2  6  1  0  1  0/0    25:37   3:03   4:20 
Jay Harrison             0  0  0   0  0   0  0  0  0  0  0/0     0:00   0:00   0:00 
Mark Fistric             0  0  0   0  0   2  2  2  1  1  0/0    10:00   0:00   0:00 
Matt Hendricks           0  0  0  -1  0   1  0  0  0  1  1/1    16:30   2:05   0:00 
Mike Green               0  1  1   0  2   3  1  1  2  0  0/0    21:59   3:55   3:03 
Mike Weber               0  1  1   0  0   0  0  0  0  0  0/0    22:00   3:55   3:03 
Nathan Gerbe             1  0  1  -1  2   7  1  0  4  0  0/0    15:49   4:30   0:00 
Nicklas Grossmann        1  0  1  -2  0   2  1  5  1  2  0/0    27:58   3:03   6:38 
Nikita Nikitin           0  0  0   0  0   0  0  1  1  0  0/0    12:56   0:00   2:18 
Olli Jokinen             0  1  1  -1  4   5  0  2  2  0  12/18  23:10   2:28   5:49 
Rich Peverley            0  1  1  -1  0   1  2  0  2  1  0/0    19:05   2:28   1:59 
Tom Kostopoulos          0  0  0   0  6   1  1  0  0  0  0/0    12:31   0:00   1:40 

Players Stats for Flames

Player Name              G  A  P  +/- PIM S  H  SB GA TA FO     MP     PP MP  PK MP  
------------------------------------------------------------------------------------
Aleksander Barkov        0  0  0   0  0   0  0  0  1  0  3/7     8:45   0:00   0:13 
Barret Jackman           0  1  1   0  0   1  2  0  0  2  0/0    15:14   0:00   2:56 
Brian Campbell           1  1  2   2  0   4  1  1  1  2  0/0    22:29   4:40   0:00 
Dougie Hamilton          0  0  0  -1  0   2  0  2  0  1  0/0    15:53   0:00   4:02 
Jacob Trouba             2  1  3   1  2   4  4  1  0  2  0/0    22:27   5:01   2:45 
Jason Pominville         2  4  6   0  0   5  1  0  2  0  0/0    19:31   4:58   0:00 
Jason Spezza             2  3  5   1  0   6  0  0  1  0  14/24  16:45   4:58   0:00 
Joe Colborne             0  0  0   2  0   0  1  0  0  0  0/0    16:56   0:00   3:06 
Jordan Staal             0  2  2   0  0   1  1  0  1  0  10/17  15:49   4:43   0:00 
Justin Faulk             0  2  2   2  0   4  0  0  0  1  0/0    25:29   4:40   4:02 
Manny Malhotra           0  0  0   0  0   0  0  0  1  0  1/5    11:59   0:00   2:58 
Matt Cooke               0  0  0   0  15  0  0  0  0  0  0/0     3:21   0:00   0:00 
Matt Read                0  1  1   0  0   0  0  3  3  0  0/0    15:49   4:43   0:00 
Michael Frolik           2  0  2   0  0   3  0  1  1  0  0/0    15:49   4:43   0:00 
Mikael Backlund          1  0  1   1  0   5  0  1  1  1  5/12   15:12   0:00   3:47 
Nick Spaling             0  0  0   0  0   2  1  0  0  0  0/0    15:46   0:00   3:52 
Scottie Upshall          1  2  3   1  0   3  3  1  0  1  0/1    16:45   4:58   0:00 
TJ Brodie                0  1  1   0  0   0  1  4  2  0  0/0    18:51   5:01   0:11 

3 Stars

1 - Jason Pominville (Cal)
2 - Jason Spezza (Cal)
3 - Jacob Trouba (Cal)

Power Play

Sharks - 1 on 3 Attempt(s) - 33.33%
Flames - 8 on 11 Attempt(s) - 72.73%

Penalty Kill

Sharks - 3 on 11 Attempt(s) - 27.27% - Score 0 goal in Penalty Kill
Flames - 2 on 3 Attempt(s) - 66.67% - Score 1 goal in Penalty Kill

Team Stat

Sharks - Hits : 17 - Faceoff Wins : 33 - Blocked Shots : 14 - Penalty Minutes : 22
Flames - Hits : 15 - Faceoff Wins : 33 - Blocked Shots : 14 - Penalty Minutes : 17

Official

Referees : Unknown
Linesman : Unknown

Game Notes

Al Montoya is injured at 3:22 of 1st period (Back Spasms)
Mike Smith enters game at 3:22 of 1st period
Deryk Engelland is injured at 13:07 of 1st period (Lower Body)
Matt Cooke ejected from game at 15:03 of 1st period
Matt Cooke from Flames is suspended for 1 game(s)
Aaron Dell enters game at 19:30 of 1st period
2:34 of 2nd period - Flames goal is going for a video replay. After video review, No Goal. The net was displaced accidentally.
Viktor Fasth enters game at 4:18 of 2nd period

Finance

Level 1 -- Attendance: 3784 (63.07%) -- Ticket Income $378,400
Level 2 -- Attendance: 3657 (73.14%) -- Ticket Income $219,420
Level 3 -- Attendance: 1400 (70.00%) -- Ticket Income $49,000
Level 4 -- Attendance: 2756 (68.90%) -- Ticket Income $55,120
Luxury Box -- Attendance: 693 (69.30%) -- Ticket Income $138,600
Game was played at the Pengrowth Saddledome'
Total Attendance: 12290 (68.28%)
Total Ticket Income: $840,540
Other Income: $411,865
Total Income: $1,252,405

Sharks

5 vs 5 Forward 
   Center                   Left Wing                Right Wing               Time % Phy DF OF 
 1 Brad Richards            Nathan Gerbe             Brian Gionta             35     1   2  2  
 2 Olli Jokinen             Matt Hendricks           Rich Peverley            30     1   2  2  
 3 Adam Hall                Blake Comeau             Deryk Engelland          22     1   2  2  
 4 Andrew Ebbett            Brad Richards            Tom Kostopoulos          13     1   2  2  

5 vs 5 Defense 
   Defense                  Defense                                           Time % Phy DF OF 
 1 Dion Phaneuf             Nicklas Grossmann                                 35     1   2  2  
 2 Mike Green               Mike Weber                                        30     1   2  2  
 3 Mark Fistric             Nikita Nikitin                                    22     1   2  2  
 4 Dion Phaneuf             Nicklas Grossmann                                 13     1   2  2  

PowerPlay Forward 
   Center                   Left Wing                Right Wing               Time % Phy DF OF 
 1 Brad Richards            Nathan Gerbe             Brian Gionta             60     1   2  2  
 2 Olli Jokinen             Matt Hendricks           Rich Peverley            40     1   2  2  

PowerPlay Defense
   Defense                  Defense                                           Time % Phy DF OF 
 1 Dion Phaneuf             Nicklas Grossmann                                 60     1   2  2  
 2 Mike Green               Mike Weber                                        40     1   2  2  

Penalty Kill 4 Players Forward 
   Center                   Wing                     Time % Phy DF OF 
 1 Brad Richards            Olli Jokinen             60     1   2  2  
 2 Brian Gionta             Rich Peverley            40     1   2  2  

Penalty Kill 4 Players Defense
   Defense                  Defense                  Time % Phy DF OF 
 1 Dion Phaneuf             Nicklas Grossmann        60     1   2  2  
 2 Mike Green               Mike Weber               40     1   2  2  

Penalty Kill - 3 Players Forward 
   Forward                                           Time % Phy DF OF 
 1 Brad Richards                                     60     1   2  2  
 2 Olli Jokinen                                      40     1   2  2  

Penalty Kill - 3 Players Defense
   Defense                  Defense                  Time % Phy DF OF 
 1 Dion Phaneuf             Nicklas Grossmann        60     1   2  2  
 2 Mike Green               Mike Weber               40     1   2  2  

4 vs 4 Forward 
   Center                   Wing                     Time % Phy DF OF 
 1 Brad Richards            Olli Jokinen             60     1   2  2  
 2 Brian Gionta             Rich Peverley            40     1   2  2  

4 vs 4 Defense
   Defense                  Defense                  Time % Phy DF OF 
 1 Dion Phaneuf             Nicklas Grossmann        60     1   2  2  
 2 Mike Green               Mike Weber               40     1   2  2  

Last Minutes Offensive
   Center                   Left Wing                Right Wing               Defense                  Defense                  
   Brad Richards            Nathan Gerbe             Brian Gionta             Dion Phaneuf             Nicklas Grossmann        

Last Minutes Defensive
   Center                   Left Wing                Right Wing               Defense                  Defense                  
   Brad Richards            Nathan Gerbe             Brian Gionta             Dion Phaneuf             Nicklas Grossmann        

Goaltenders
Starting : Viktor Fasth             
Backup : Aaron Dell               

Extra Forwards
Normal : Adam Hall, Blake Comeau, Tom Kostopoulos - PP : Adam Hall, Blake Comeau - PK : Tom Kostopoulos
Extra Defensemen
Normal : Mark Fistric, Nikita Nikitin, Deryk Engelland - PP : Mark Fistric - PK : Nikita Nikitin, Deryk Engelland
Penalty Shots
Brad Richards, Olli Jokinen, Brian Gionta, Rich Peverley, Deryk Engelland

Flames

5 vs 5 Forward 
   Center                   Left Wing                Right Wing               Time % Phy DF OF 
 1 Jason Spezza             Scottie Upshall          Jason Pominville         30     1   2  2  
 2 Jordan Staal             Michael Frolik           Matt Read                25     1   2  2  
 3 Mikael Backlund          Nick Spaling             Matt Cooke               25     1   2  2  
 4 Aleksander Barkov        Manny Malhotra           Joe Colborne             20     1   2  2  

5 vs 5 Defense 
   Defense                  Defense                                           Time % Phy DF OF 
 1 Brian Campbell           Justin Faulk                                      36     1   2  2  
 2 TJ Brodie                Jacob Trouba                                      30     1   2  2  
 3 Barret Jackman           Dougie Hamilton                                   26     1   2  2  
 4 Brian Campbell           Jacob Trouba                                      8      1   2  2  

PowerPlay Forward 
   Center                   Left Wing                Right Wing               Time % Phy DF OF 
 1 Jason Spezza             Scottie Upshall          Jason Pominville         50     0   0  5  
 2 Jordan Staal             Michael Frolik           Matt Read                50     0   0  5  

PowerPlay Defense
   Defense                  Defense                                           Time % Phy DF OF 
 1 Brian Campbell           Justin Faulk                                      50     0   0  5  
 2 TJ Brodie                Jacob Trouba                                      50     0   0  5  

Penalty Kill 4 Players Forward 
   Center                   Wing                     Time % Phy DF OF 
 1 Manny Malhotra           Nick Spaling             50     1   4  0  
 2 Mikael Backlund          Matt Cooke               50     1   4  0  

Penalty Kill 4 Players Defense
   Defense                  Defense                  Time % Phy DF OF 
 1 Dougie Hamilton          Justin Faulk             50     0   5  0  
 2 Barret Jackman           Jacob Trouba             50     1   4  0  

Penalty Kill - 3 Players Forward 
   Forward                                           Time % Phy DF OF 
 1 Manny Malhotra                                    50     0   5  0  
 2 Mikael Backlund                                   50     0   5  0  

Penalty Kill - 3 Players Defense
   Defense                  Defense                  Time % Phy DF OF 
 1 Dougie Hamilton          Justin Faulk             50     0   5  0  
 2 Barret Jackman           Jacob Trouba             50     0   5  0  

4 vs 4 Forward 
   Center                   Wing                     Time % Phy DF OF 
 1 Jordan Staal             Jason Pominville         50     1   2  2  
 2 Jason Spezza             Matt Read                50     1   2  2  

4 vs 4 Defense
   Defense                  Defense                  Time % Phy DF OF 
 1 Brian Campbell           Justin Faulk             50     1   2  2  
 2 TJ Brodie                Dougie Hamilton          50     1   2  2  

Last Minutes Offensive
   Center                   Left Wing                Right Wing               Defense                  Defense                  
   Jason Spezza             Matt Read                Jason Pominville         Brian Campbell           Justin Faulk             

Last Minutes Defensive
   Center                   Left Wing                Right Wing               Defense                  Defense                  
   Jordan Staal             Matt Cooke               Michael Frolik           TJ Brodie                Jacob Trouba             

Goaltenders
Starting : Al Montoya               
Backup : Mike Smith               

Extra Forwards
Normal : Mikael Backlund, Matt Cooke, Joe Colborne - PP : Mikael Backlund, Matt Cooke - PK : Nick Spaling
Extra Defensemen
Normal : Barret Jackman, Dougie Hamilton, TJ Brodie - PP : Dougie Hamilton - PK : TJ Brodie, Brian Campbell
Penalty Shots
Matt Read, Jason Pominville, Jason Spezza, Joe Colborne, Scottie Upshall

% Time on Ice - Sharks

Lines # - Real PCT - Wanted PCT - Time Play
Normal Forward
1 - 28% - 35% - 12:15
2 - 34% - 30% - 14:38
3 - 30% - 22% - 13:05
4 - 8% - 13% - 3:23
Normal Defense
1 - 37% - 35% - 16:03
2 - 35% - 30% - 15:03
3 - 23% - 22% - 10:00
4 - 5% - 13% - 2:15
PP Forward
1 - 65% - 60% - 4:30
2 - 35% - 40% - 2:28
PP Defense
1 - 44% - 60% - 3:03
2 - 56% - 40% - 3:55
PK Forward
1 - 80% - 60% - 7:42
2 - 20% - 40% - 1:59
PK Defense
1 - 69% - 60% - 6:38
2 - 31% - 40% - 3:03
PK3 Forward
1 - 0% - 60%
2 - 0% - 40%
PK3 Defense
1 - 0% - 60%
2 - 0% - 40%
44 Forward
1 - 0% - 60%
2 - 0% - 40%
44 Defense
1 - 0% - 60%
2 - 0% - 40%
Last Minute Offensive  - 0:00
Last Minute Defensive  - 0:00
Total
Forward - 60:00
Defense - 60:00

% Time on Ice - Flames

Lines # - Real PCT - Wanted PCT - Time Play
Normal Forward
1 - 28% - 30% - 12:16
2 - 26% - 25% - 11:07
3 - 26% - 25% - 11:26
4 - 20% - 20% - 8:32
Normal Defense
1 - 39% - 36% - 16:47
2 - 32% - 30% - 13:41
3 - 27% - 26% - 11:50
4 - 2% - 8% - 1:03
PP Forward
1 - 51% - 50% - 4:58
2 - 49% - 50% - 4:43
PP Defense
1 - 48% - 50% - 4:40
2 - 52% - 50% - 5:01
PK Forward
1 - 43% - 50% - 2:58
2 - 57% - 50% - 4:00
PK Defense
1 - 58% - 50% - 4:02
2 - 42% - 50% - 2:56
PK3 Forward
1 - 0% - 50%
2 - 0% - 50%
PK3 Defense
1 - 0% - 50%
2 - 0% - 50%
44 Forward
1 - 0% - 50%
2 - 0% - 50%
44 Defense
1 - 0% - 50%
2 - 0% - 50%
Last Minute Offensive  - 0:00
Last Minute Defensive  - 0:00
Total
Forward - 60:00
Defense - 60:00

Play by Play

1st period


0:01 of 1st period - Brad Richards wins face-off versus Jason Spezza in neutral zone.
0:08 of 1st period - Snap shot by Brian Gionta.
0:08 of 1st period - Stopped by Al Montoya with a rebound.
0:27 of 1st period - Icing by Nathan Gerbe.
0:28 of 1st period - Brad Richards wins face-off versus Jordan Staal in Sharks zone.
0:28 of 1st period - Brad Richards is hit by Jacob Trouba.
0:54 of 1st period - Snap shot by Michael Frolik.
0:54 of 1st period - Stopped by Viktor Fasth without a rebound.
0:55 of 1st period - Olli Jokinen wins face-off versus Mikael Backlund in Sharks zone.
0:55 of 1st period - Olli Jokinen is hit by Nick Spaling.
1:21 of 1st period - Snap shot by Mikael Backlund.
1:21 of 1st period - Shot Misses the Net.
1:31 of 1st period - Snap shot by Mikael Backlund.
1:31 of 1st period - Shot Blocked by Olli Jokinen.
1:33 of 1st period - Slapshot by Barret Jackman.
1:33 of 1st period - Shot Blocked by Olli Jokinen.
2:03 of 1st period - Slapshot by Justin Faulk.
2:03 of 1st period - Deflect By Joe Colborne.
2:03 of 1st period - Shot Misses the Net.
2:03 of 1st period - Puck is out of play.
2:04 of 1st period - Adam Hall wins face-off versus Jason Spezza in Sharks zone.
2:09 of 1st period - Wrist shot by Blake Comeau.
2:09 of 1st period - Stopped by Al Montoya without a rebound.
2:10 of 1st period - Jason Spezza wins face-off versus Adam Hall in Flames zone.
3:10 of 1st period - Wrist shot by Brad Richards.
3:10 of 1st period - Stopped by Al Montoya with a rebound.
3:12 of 1st period - Slapshot by Nicklas Grossmann.
3:12 of 1st period - Shot Blocked by Matt Read.
3:14 of 1st period - Snap shot by Andrew Ebbett.
3:14 of 1st period - Shot Misses the Net.
3:16 of 1st period - Slapshot by Dion Phaneuf.
3:16 of 1st period - Shot Blocked by Matt Read.
3:18 of 1st period - Slapshot by Dion Phaneuf.
3:18 of 1st period - Shot Misses the Net.
3:20 of 1st period - Backhand shot by Andrew Ebbett.
3:20 of 1st period - Shot Blocked by TJ Brodie.
3:22 of 1st period - Slapshot by Nicklas Grossmann.
3:22 of 1st period - Stopped by Al Montoya with a rebound.
3:22 of 1st period - Al Montoya from Flames is injured at 3:22 of 1st period (Back Spasms).
3:22 of 1st period - Mike Smith enters game.
3:23 of 1st period - Brad Richards wins face-off versus Manny Malhotra in Flames zone.
3:30 of 1st period - Wrist shot by Nathan Gerbe.
3:30 of 1st period - Stopped by Mike Smith with a rebound.
3:38 of 1st period - Slapshot by Justin Faulk.
3:38 of 1st period - Deflect By Manny Malhotra.
3:38 of 1st period - Shot Misses the Net.
3:38 of 1st period - Puck is out of play.
3:39 of 1st period - Aleksander Barkov wins face-off versus Brad Richards in Sharks zone.
3:52 of 1st period - Wrist shot by Nathan Gerbe.
3:52 of 1st period - Shot Misses the Net.
4:27 of 1st period - Slapshot by Brian Campbell.
4:27 of 1st period - Stopped by Viktor Fasth with a rebound.
4:29 of 1st period - Slapshot by Barret Jackman.
4:29 of 1st period - Shot Blocked by Nicklas Grossmann.
4:31 of 1st period - Slapshot by Barret Jackman.
4:31 of 1st period - Deflect By Nick Spaling.
4:31 of 1st period - Shot Blocked by Nicklas Grossmann.
4:31 of 1st period - Puck is out of play.
4:32 of 1st period - Olli Jokinen wins face-off versus Mikael Backlund in Sharks zone.
4:32 of 1st period - Olli Jokinen is hit by Barret Jackman.
4:58 of 1st period - Wrist shot by Mikael Backlund.
4:58 of 1st period - Stopped by Viktor Fasth with a rebound.
5:00 of 1st period - Slapshot by Barret Jackman.
5:00 of 1st period - Shot Misses the Net.
6:59 of 1st period - Dougie Hamilton is hit by Mark Fistric and loses puck.
7:45 of 1st period - Slapshot by Dion Phaneuf.
7:45 of 1st period - Deflect By Barret Jackman.
7:45 of 1st period - Stopped by Mike Smith with a rebound.
8:04 of 1st period - Minor Penalty to Nathan Gerbe for Tripping.
8:05 of 1st period - Jordan Staal wins face-off versus Brad Richards in Sharks zone.
8:40 of 1st period - Backhand shot by Michael Frolik.
8:40 of 1st period - Goal by Michael Frolik - Sharks : 0 - Flames : 1.
8:41 of 1st period - Deryk Engelland wins face-off versus Mikael Backlund in neutral zone.
8:44 of 1st period - Slapshot by Mark Fistric.
8:44 of 1st period - Stopped by Mike Smith with a rebound.
9:07 of 1st period - Slapshot by Mikael Backlund.
9:07 of 1st period - Stopped by Viktor Fasth with a rebound.
9:09 of 1st period - Slapshot by Matt Cooke.
9:09 of 1st period - Shot Misses the Net.
9:15 of 1st period - Slapshot by Brian Campbell.
9:15 of 1st period - Shot Blocked by Blake Comeau.
9:17 of 1st period - Snap shot by Matt Cooke.
9:17 of 1st period - Shot Misses the Net.
9:31 of 1st period - Snap shot by Michael Frolik.
9:31 of 1st period - Shot Blocked by Nikita Nikitin.
9:33 of 1st period - Snap shot by Matt Read.
9:33 of 1st period - Shot Misses the Net.
9:39 of 1st period - Wrist shot by Matt Read.
9:39 of 1st period - Shot Misses the Net.
9:41 of 1st period - Wrist shot by TJ Brodie.
9:41 of 1st period - Shot Blocked by Mark Fistric.
10:07 of 1st period - Minor Penalty to Deryk Engelland for Hooking.
10:08 of 1st period - Brad Richards wins face-off versus Jason Spezza in Sharks zone.
10:46 of 1st period - Slapshot by Brian Campbell.
10:46 of 1st period - Goal by Brian Campbell - Sharks : 0 - Flames : 2.
10:47 of 1st period - Olli Jokinen wins face-off versus Mikael Backlund in neutral zone.
11:05 of 1st period - Minor Penalty to Dion Phaneuf for Goalie Interference.
11:06 of 1st period - Jordan Staal wins face-off versus Brad Richards in Sharks zone.
11:14 of 1st period - Snap shot by Matt Read.
11:14 of 1st period - Shot Hit the Post.
11:58 of 1st period - Nicklas Grossmann is hit by TJ Brodie and loses puck.
12:03 of 1st period - Wrist shot by Jason Spezza.
12:03 of 1st period - Goal by Jason Spezza - Sharks : 0 - Flames : 3.
12:04 of 1st period - Adam Hall wins face-off versus Jason Spezza in neutral zone.
12:07 of 1st period - Snap shot by Mike Green.
12:07 of 1st period - Deflect By Adam Hall.
12:07 of 1st period - Stopped by Mike Smith with a rebound.
12:27 of 1st period - Slapshot by Jason Spezza.
12:27 of 1st period - Stopped by Viktor Fasth with a rebound.
12:29 of 1st period - Wrist shot by Scottie Upshall.
12:29 of 1st period - Shot Blocked by Mike Green.
13:03 of 1st period - Snap shot by Nick Spaling.
13:03 of 1st period - Stopped by Viktor Fasth with a rebound.
13:07 of 1st period - Slapshot by Mikael Backlund.
13:07 of 1st period - Shot Blocked by Deryk Engelland.
13:07 of 1st period - Deryk Engelland from Sharks is injured at 13:07 of 1st period (Lower Body).
13:08 of 1st period - Jason Spezza wins face-off versus Brad Richards in Sharks zone.
13:19 of 1st period - Snap shot by Jason Spezza.
13:19 of 1st period - Shot Misses the Net.
13:27 of 1st period - Brian Campbell is hit by Dion Phaneuf.
13:35 of 1st period - Snap shot by Nathan Gerbe.
13:35 of 1st period - Shot Blocked by Scottie Upshall.
14:03 of 1st period - Brian Campbell is hit by Rich Peverley and loses puck.
14:10 of 1st period - Matt Read is hit by Dion Phaneuf and loses puck.
14:25 of 1st period - Matt Read is hit by Dion Phaneuf and loses puck.
15:03 of 1st period - Major / Game Misconduct Penalty to Matt Cooke for Abuse of Officials.
15:03 of 1st period - Matt Cooke is ejected from game.
15:04 of 1st period - Mikael Backlund wins face-off versus Brad Richards in Flames zone.
16:04 of 1st period - Snap shot by Olli Jokinen.
16:04 of 1st period - Stopped by Mike Smith with a rebound.
16:06 of 1st period - Slapshot by Nicklas Grossmann.
16:06 of 1st period - Goal by Nicklas Grossmann - Sharks : 1 - Flames : 3.
16:07 of 1st period - Mikael Backlund wins face-off versus Brad Richards in neutral zone.
16:12 of 1st period - Snap shot by Justin Faulk.
16:12 of 1st period - Stopped by Viktor Fasth with a rebound.
16:30 of 1st period - Slapshot by Mikael Backlund.
16:30 of 1st period - Shot Blocked by Dion Phaneuf.
16:46 of 1st period - Snap shot by Rich Peverley.
16:46 of 1st period - Shot Misses the Net.
16:48 of 1st period - Slapshot by Mike Green.
16:48 of 1st period - Stopped by Mike Smith with a rebound.
17:08 of 1st period - Slapshot by Brad Richards.
17:08 of 1st period - Shot Misses the Net.
17:10 of 1st period - Slapshot by Mike Weber.
17:10 of 1st period - Shot Misses the Net.
17:12 of 1st period - Slapshot by Brian Gionta.
17:12 of 1st period - Stopped by Mike Smith with a rebound.
17:14 of 1st period - Backhand shot by Mike Weber.
17:14 of 1st period - Shot Misses the Net.
17:16 of 1st period - Snap shot by Brian Gionta.
17:16 of 1st period - Shot Blocked by Dougie Hamilton.
18:41 of 1st period - Dougie Hamilton is hit by Dion Phaneuf and loses puck.
19:07 of 1st period - Dougie Hamilton is hit by Mike Green and loses puck.
19:12 of 1st period - Slapshot by Rich Peverley.
19:12 of 1st period - Shot Misses the Net.
19:14 of 1st period - Snap shot by Adam Hall.
19:14 of 1st period - Stopped by Mike Smith without a rebound.
19:15 of 1st period - Adam Hall wins face-off versus Mikael Backlund in Flames zone.
19:30 of 1st period - Slapshot by Jacob Trouba.
19:30 of 1st period - Deflect By Dion Phaneuf.
19:30 of 1st period - Goal by Jacob Trouba - Sharks : 1 - Flames : 4.
19:30 of 1st period - Aaron Dell enters game.
19:31 of 1st period - Brad Richards wins face-off versus Mikael Backlund in neutral zone.
19:34 of 1st period - Backhand shot by Mike Green.
19:34 of 1st period - Shot Blocked by Jacob Trouba.
Goals for this period are 1 for Sharks vs 4 for Flames.
Shots for this period are 13 for Sharks vs 11 for Flames.

2nd period


0:01 of 2nd period - Brad Richards wins face-off versus Manny Malhotra in neutral zone.
0:03 of 2nd period - Penalty to Matt Cooke is over, Jason Pominville is send on ice.
0:03 of 2nd period - Minor Penalty to Dion Phaneuf for High sticking.
0:04 of 2nd period - Jason Spezza wins face-off versus Brad Richards in Sharks zone.
0:10 of 2nd period - Slapshot by Jason Spezza.
0:10 of 2nd period - Stopped by Aaron Dell with a rebound.
0:12 of 2nd period - Slapshot by Jacob Trouba.
0:12 of 2nd period - Shot Blocked by Nicklas Grossmann.
0:14 of 2nd period - Slapshot by Jacob Trouba.
0:14 of 2nd period - Deflect By Nicklas Grossmann.
0:14 of 2nd period - Goal by Jacob Trouba - Sharks : 1 - Flames : 5.
0:15 of 2nd period - Brad Richards wins face-off versus Jason Spezza in neutral zone.
0:22 of 2nd period - Snap shot by Nathan Gerbe.
0:22 of 2nd period - Stopped by Mike Smith without a rebound.
0:23 of 2nd period - Brad Richards wins face-off versus Jason Spezza in Flames zone.
0:56 of 2nd period - Wrist shot by Jason Pominville.
0:56 of 2nd period - Goal by Jason Pominville - Sharks : 1 - Flames : 6.
0:57 of 2nd period - Jordan Staal wins face-off versus Olli Jokinen in neutral zone.
1:05 of 2nd period - Snap shot by Olli Jokinen.
1:05 of 2nd period - Stopped by Mike Smith without a rebound.
1:06 of 2nd period - Olli Jokinen wins face-off versus Jordan Staal in Flames zone.
1:15 of 2nd period - Slapshot by Olli Jokinen.
1:15 of 2nd period - Shot Misses the Net.
2:09 of 2nd period - Wrist shot by Nathan Gerbe.
2:09 of 2nd period - Stopped by Mike Smith without a rebound.
2:10 of 2nd period - Jason Spezza wins face-off versus Adam Hall in Flames zone.
2:10 of 2nd period - Jason Spezza is hit by Dion Phaneuf.
2:27 of 2nd period - Minor Penalty to Tom Kostopoulos for Roughing.
2:28 of 2nd period - Jason Spezza wins face-off versus Brad Richards in Sharks zone.
2:28 of 2nd period - Slapshot by Scottie Upshall.
2:28 of 2nd period - Shot Misses the Net.
2:30 of 2nd period - Slapshot by Brian Campbell.
2:30 of 2nd period - Shot Blocked by Nicklas Grossmann.
2:32 of 2nd period - Snap shot by Scottie Upshall.
2:32 of 2nd period - Shot Misses the Net.
2:34 of 2nd period - Wrist shot by Scottie Upshall.
2:34 of 2nd period - Flames goal is going for a video replay.
2:34 of 2nd period - The goal is refused. The net was displaced accidentally..
2:35 of 2nd period - Brad Richards wins face-off versus Jason Spezza in Sharks zone.
3:13 of 2nd period - Wrist shot by Scottie Upshall.
3:13 of 2nd period - Goal by Scottie Upshall - Sharks : 1 - Flames : 7.
3:14 of 2nd period - Mikael Backlund wins face-off versus Adam Hall in neutral zone.
4:01 of 2nd period - Mikael Backlund is hit by Blake Comeau and loses puck.
4:12 of 2nd period - Minor Penalty to Mike Green for Hooking.
4:13 of 2nd period - Jordan Staal wins face-off versus Brad Richards in Sharks zone.
4:18 of 2nd period - Snap shot by Michael Frolik.
4:18 of 2nd period - Goal by Michael Frolik - Sharks : 1 - Flames : 8.
4:18 of 2nd period - Viktor Fasth enters game.
4:19 of 2nd period - Jason Spezza wins face-off versus Brad Richards in neutral zone.
4:51 of 2nd period - Wrist shot by Brian Gionta.
4:51 of 2nd period - Stopped by Mike Smith with a rebound.
4:53 of 2nd period - Slapshot by Nicklas Grossmann.
4:53 of 2nd period - Deflect By Nathan Gerbe.
4:53 of 2nd period - Stopped by Mike Smith without a rebound.
4:54 of 2nd period - Olli Jokinen wins face-off versus Aleksander Barkov in Flames zone.
5:18 of 2nd period - Minor Penalty to Olli Jokinen for Slashing.
5:19 of 2nd period - Jordan Staal wins face-off versus Brad Richards in Sharks zone.
6:16 of 2nd period - Slapshot by Mike Green.
6:16 of 2nd period - Shot Blocked by TJ Brodie.
6:32 of 2nd period - Mike Weber is hit by Jacob Trouba and loses puck.
7:18 of 2nd period - Penalty to Olli Jokinen is over, Olli Jokinen is back on ice.
8:02 of 2nd period - Barret Jackman is hit by Tom Kostopoulos.
10:03 of 2nd period - Icing by Justin Faulk.
10:04 of 2nd period - Olli Jokinen wins face-off versus Aleksander Barkov in Flames zone.
10:23 of 2nd period - Snap shot by Jason Pominville.
10:23 of 2nd period - Stopped by Viktor Fasth with a rebound.
10:25 of 2nd period - Slapshot by Jacob Trouba.
10:25 of 2nd period - Stopped by Viktor Fasth without a rebound.
10:26 of 2nd period - Adam Hall wins face-off versus Jordan Staal in Sharks zone.
10:28 of 2nd period - Minor Penalty to Tom Kostopoulos for Interference.
10:29 of 2nd period - Jordan Staal wins face-off versus Brad Richards in Sharks zone.
11:21 of 2nd period - Dion Phaneuf is hit by Scottie Upshall and loses puck.
11:30 of 2nd period - Slapshot by Jason Pominville.
11:30 of 2nd period - Shot Blocked by Nicklas Grossmann.
11:32 of 2nd period - Slapshot by Justin Faulk.
11:32 of 2nd period - Stopped by Viktor Fasth with a rebound.
11:34 of 2nd period - Slapshot by Justin Faulk.
11:34 of 2nd period - Stopped by Viktor Fasth with a rebound.
11:36 of 2nd period - Slapshot by Justin Faulk.
11:36 of 2nd period - Deflect By Jason Pominville.
11:36 of 2nd period - Shot Misses the Net.
11:36 of 2nd period - Puck is out of play.
11:37 of 2nd period - Brian Gionta wins face-off versus Jason Spezza in Sharks zone.
12:14 of 2nd period - Slapshot by Brian Campbell.
12:14 of 2nd period - Stopped by Viktor Fasth without a rebound.
12:15 of 2nd period - Jordan Staal wins face-off versus Brad Richards in Sharks zone.
12:28 of 2nd period - Penalty to Tom Kostopoulos is over, Tom Kostopoulos is back on ice.
12:58 of 2nd period - Minor Penalty to Jacob Trouba for Delaying the game.
12:59 of 2nd period - Adam Hall wins face-off versus Manny Malhotra in Flames zone.
13:12 of 2nd period - Snap shot by Dougie Hamilton.
13:12 of 2nd period - Stopped by Viktor Fasth without a rebound.
13:13 of 2nd period - Adam Hall wins face-off versus Manny Malhotra in Sharks zone.
13:18 of 2nd period - Slapshot by Mike Green.
13:18 of 2nd period - Shot Blocked by Dougie Hamilton.
13:42 of 2nd period - Wrist shot by Mike Green.
13:42 of 2nd period - Shot Blocked by Mikael Backlund.
14:46 of 2nd period - Wrist shot by Nathan Gerbe.
14:46 of 2nd period - Stopped by Mike Smith without a rebound.
14:47 of 2nd period - Manny Malhotra wins face-off versus Brad Richards in Flames zone.
14:58 of 2nd period - Penalty to Jacob Trouba is over, Jacob Trouba is back on ice.
15:20 of 2nd period - TJ Brodie is hit by Nicklas Grossmann and loses puck.
15:25 of 2nd period - Snap shot by Blake Comeau.
15:25 of 2nd period - Stopped by Mike Smith without a rebound.
15:26 of 2nd period - Matt Hendricks wins face-off versus Jason Spezza in Flames zone.
15:42 of 2nd period - Minor Penalty to Olli Jokinen for Hooking.
15:43 of 2nd period - Jason Spezza wins face-off versus Brad Richards in Sharks zone.
15:44 of 2nd period - Wrist shot by Jason Pominville.
15:44 of 2nd period - Shot Misses the Net.
15:54 of 2nd period - Mike Weber is hit by Jacob Trouba and loses puck.
16:03 of 2nd period - Slapshot by Jason Spezza.
16:03 of 2nd period - Goal by Jason Spezza - Sharks : 1 - Flames : 9.
16:04 of 2nd period - Jason Spezza wins face-off versus Olli Jokinen in neutral zone.
16:06 of 2nd period - Off-side.
16:07 of 2nd period - Jason Spezza wins face-off versus Olli Jokinen in neutral zone.
16:10 of 2nd period - Rich Peverley is hit by Brian Campbell and loses puck.
16:25 of 2nd period - Dion Phaneuf is hit by Scottie Upshall and loses puck.
16:34 of 2nd period - Backhand shot by Olli Jokinen.
16:34 of 2nd period - Stopped by Mike Smith with a rebound.
17:04 of 2nd period - TJ Brodie is hit by Nathan Gerbe and loses puck.
17:11 of 2nd period - Wrist shot by Nathan Gerbe.
17:11 of 2nd period - Deflect By Brad Richards.
17:11 of 2nd period - Shot Misses the Net.
17:11 of 2nd period - Puck is out of play.
17:12 of 2nd period - Adam Hall wins face-off versus Jordan Staal in Flames zone.
17:27 of 2nd period - Snap shot by Blake Comeau.
17:27 of 2nd period - Shot Blocked by Matt Read.
17:29 of 2nd period - Wrist shot by Mike Green.
17:29 of 2nd period - Shot Blocked by Michael Frolik.
17:31 of 2nd period - Slapshot by Mike Green.
17:31 of 2nd period - Stopped by Mike Smith without a rebound.
17:32 of 2nd period - Aleksander Barkov wins face-off versus Adam Hall in Flames zone.
18:35 of 2nd period - Dion Phaneuf is hit by Jason Pominville and loses puck.
18:42 of 2nd period - Slapshot by Nicklas Grossmann.
18:42 of 2nd period - Deflect By Brian Gionta.
18:42 of 2nd period - Shot Blocked by TJ Brodie.
18:42 of 2nd period - Puck is out of play.
18:43 of 2nd period - Olli Jokinen wins face-off versus Jordan Staal in Flames zone.
Goals for this period are 0 for Sharks vs 5 for Flames.
Shots for this period are 9 for Sharks vs 13 for Flames.

3rd period


0:01 of 3rd period - Jason Spezza wins face-off versus Brad Richards in neutral zone.
0:23 of 3rd period - Wrist shot by Jason Pominville.
0:23 of 3rd period - Deflect By Jason Spezza.
0:23 of 3rd period - Stopped by Viktor Fasth with a rebound.
1:03 of 3rd period - Jordan Staal is hit by Rich Peverley and loses puck.
1:14 of 3rd period - Snap shot by Rich Peverley.
1:14 of 3rd period - Shot Misses the Net.
2:37 of 3rd period - Snap shot by Brian Campbell.
2:37 of 3rd period - Deflect By Aleksander Barkov.
2:37 of 3rd period - Shot Blocked by Mark Fistric.
2:37 of 3rd period - Puck is out of play.
2:38 of 3rd period - Brad Richards wins face-off versus Aleksander Barkov in Sharks zone.
3:35 of 3rd period - Brian Campbell is hit by Mark Fistric and loses puck.
4:25 of 3rd period - Snap shot by Michael Frolik.
4:25 of 3rd period - Shot Misses the Net.
4:27 of 3rd period - Slapshot by Barret Jackman.
4:27 of 3rd period - Deflect By Dion Phaneuf.
4:27 of 3rd period - Stopped by Viktor Fasth without a rebound.
4:28 of 3rd period - Olli Jokinen wins face-off versus Jordan Staal in Sharks zone.
5:08 of 3rd period - Mikael Backlund is hit by Blake Comeau and loses puck.
5:22 of 3rd period - TJ Brodie is hit by Adam Hall and loses puck.
5:39 of 3rd period - Snap shot by Nathan Gerbe.
5:39 of 3rd period - Stopped by Mike Smith without a rebound.
5:40 of 3rd period - Aleksander Barkov wins face-off versus Brad Richards in Flames zone.
6:05 of 3rd period - Wrist shot by Olli Jokinen.
6:05 of 3rd period - Stopped by Mike Smith without a rebound.
6:06 of 3rd period - Olli Jokinen wins face-off versus Jordan Staal in Flames zone.
6:17 of 3rd period - Slapshot by Olli Jokinen.
6:17 of 3rd period - Shot Misses the Net.
6:52 of 3rd period - Snap shot by Jason Pominville.
6:52 of 3rd period - Stopped by Viktor Fasth with a rebound.
6:54 of 3rd period - Snap shot by Jason Pominville.
6:54 of 3rd period - Stopped by Viktor Fasth with a rebound.
6:56 of 3rd period - Slapshot by Justin Faulk.
6:56 of 3rd period - Deflect By Nick Spaling.
6:56 of 3rd period - Stopped by Viktor Fasth with a rebound.
6:58 of 3rd period - Snap shot by Barret Jackman.
6:58 of 3rd period - Shot Misses the Net.
7:07 of 3rd period - Minor Penalty to Tom Kostopoulos for High sticking.
7:08 of 3rd period - Jason Spezza wins face-off versus Brad Richards in Sharks zone.
7:08 of 3rd period - Snap shot by Jason Pominville.
7:08 of 3rd period - Shot Misses the Net.
7:10 of 3rd period - Wrist shot by Scottie Upshall.
7:10 of 3rd period - Stopped by Viktor Fasth with a rebound.
7:12 of 3rd period - Slapshot by Jacob Trouba.
7:12 of 3rd period - Stopped by Viktor Fasth with a rebound.
7:14 of 3rd period - Wrist shot by Jason Pominville.
7:14 of 3rd period - Goal by Jason Pominville - Sharks : 1 - Flames : 10.
7:15 of 3rd period - Jason Spezza wins face-off versus Brad Richards in neutral zone.
7:35 of 3rd period - Wrist shot by Jason Spezza.
7:35 of 3rd period - Stopped by Viktor Fasth with a rebound.
7:37 of 3rd period - Snap shot by Jason Spezza.
7:37 of 3rd period - Shot Misses the Net.
7:45 of 3rd period - Snap shot by Nicklas Grossmann.
7:45 of 3rd period - Shot Misses the Net.
7:47 of 3rd period - Slapshot by Dion Phaneuf.
7:47 of 3rd period - Stopped by Mike Smith without a rebound.
7:48 of 3rd period - Olli Jokinen wins face-off versus Aleksander Barkov in Flames zone.
7:55 of 3rd period - Wrist shot by Justin Faulk.
7:55 of 3rd period - Shot Misses the Net.
8:20 of 3rd period - Off-side.
8:21 of 3rd period - Mikael Backlund wins face-off versus Andrew Ebbett in neutral zone.
8:35 of 3rd period - Snap shot by Mikael Backlund.
8:35 of 3rd period - Stopped by Viktor Fasth without a rebound.
8:36 of 3rd period - Mikael Backlund wins face-off versus Brad Richards in Sharks zone.
8:54 of 3rd period - Slapshot by Andrew Ebbett.
8:54 of 3rd period - Deflect By Tom Kostopoulos.
8:54 of 3rd period - Stopped by Mike Smith with a rebound.
8:59 of 3rd period - Off-side.
9:00 of 3rd period - Olli Jokinen wins face-off versus Scottie Upshall in neutral zone.
9:15 of 3rd period - Wrist shot by Rich Peverley.
9:15 of 3rd period - Stopped by Mike Smith with a rebound.
9:21 of 3rd period - Matt Hendricks is hit by Scottie Upshall and loses puck.
9:56 of 3rd period - Wrist shot by Jordan Staal.
9:56 of 3rd period - Shot Misses the Net.
9:58 of 3rd period - Wrist shot by Matt Read.
9:58 of 3rd period - Shot Misses the Net.
10:30 of 3rd period - Wrist shot by Mikael Backlund.
10:30 of 3rd period - Stopped by Viktor Fasth with a rebound.
10:32 of 3rd period - Backhand shot by Brian Campbell.
10:32 of 3rd period - Stopped by Viktor Fasth with a rebound.
10:34 of 3rd period - Wrist shot by Mikael Backlund.
10:34 of 3rd period - Goal by Mikael Backlund - Sharks : 1 - Flames : 11.
10:35 of 3rd period - Brad Richards wins face-off versus Mikael Backlund in neutral zone.
11:16 of 3rd period - Minor Penalty to Dion Phaneuf for Tripping.
11:17 of 3rd period - Jordan Staal wins face-off versus Olli Jokinen in Sharks zone.
11:18 of 3rd period - Snap shot by Matt Read.
11:18 of 3rd period - Shot Misses the Net.
11:42 of 3rd period - Slapshot by Justin Faulk.
11:42 of 3rd period - Stopped by Viktor Fasth with a rebound.
11:44 of 3rd period - Wrist shot by Jordan Staal.
11:44 of 3rd period - Stopped by Viktor Fasth without a rebound.
11:45 of 3rd period - Olli Jokinen wins face-off versus Jason Spezza in Sharks zone.
11:58 of 3rd period - Brad Richards is hit by Jacob Trouba and loses puck.
12:37 of 3rd period - Snap shot by Brad Richards.
12:37 of 3rd period - Shot Blocked by TJ Brodie.
12:43 of 3rd period - Nicklas Grossmann is hit by Jordan Staal and loses puck.
13:16 of 3rd period - Penalty to Dion Phaneuf is over, Dion Phaneuf is back on ice.
13:32 of 3rd period - Brian Campbell is hit by Dion Phaneuf and loses puck.
13:39 of 3rd period - Slapshot by Dougie Hamilton.
13:39 of 3rd period - Stopped by Viktor Fasth with a rebound.
14:46 of 3rd period - Wrist shot by Brad Richards.
14:46 of 3rd period - Stopped by Mike Smith with a rebound.
14:48 of 3rd period - Slapshot by Mark Fistric.
14:48 of 3rd period - Stopped by Mike Smith with a rebound.
14:50 of 3rd period - Slapshot by Mike Weber.
14:50 of 3rd period - Shot Misses the Net.
14:56 of 3rd period - Slapshot by Nathan Gerbe.
14:56 of 3rd period - Goal by Nathan Gerbe - Sharks : 2 - Flames : 11.
14:57 of 3rd period - Jordan Staal wins face-off versus Adam Hall in neutral zone.
15:55 of 3rd period - Mike Green is hit by Joe Colborne and loses puck.
16:04 of 3rd period - Snap shot by Olli Jokinen.
16:04 of 3rd period - Shot Misses the Net.
16:06 of 3rd period - Snap shot by Olli Jokinen.
16:06 of 3rd period - Stopped by Mike Smith with a rebound.
16:08 of 3rd period - Snap shot by Matt Hendricks.
16:08 of 3rd period - Stopped by Mike Smith with a rebound.
17:16 of 3rd period - Nikita Nikitin is hit by Barret Jackman and loses puck.
17:46 of 3rd period - Off-side.
17:47 of 3rd period - Jason Spezza wins face-off versus Olli Jokinen in neutral zone.
17:55 of 3rd period - Icing by Nicklas Grossmann.
17:56 of 3rd period - Jason Spezza wins face-off versus Olli Jokinen in Sharks zone.
19:20 of 3rd period - Slapshot by Mike Green.
19:20 of 3rd period - Stopped by Mike Smith with a rebound.
19:22 of 3rd period - Snap shot by Adam Hall.
19:22 of 3rd period - Shot Blocked by Brian Campbell.
19:24 of 3rd period - Slapshot by Adam Hall.
19:24 of 3rd period - Stopped by Mike Smith without a rebound.
19:25 of 3rd period - Jordan Staal wins face-off versus Adam Hall in Flames zone.
Goals for this period are 1 for Sharks vs 2 for Flames.
Shots for this period are 12 for Sharks vs 16 for Flames.


Output by the SimonT Hockey Simulator (STHS) for Eric Dolegowski -- Original Page W3C XHTML 1.0 Valid
Hockey Simulator - Hockey Simulation - Hockey Manager